 Dungeon Crawl Stone Soup version 0.27-a0-1219-g958d993ae5 (webtiles) character file.

Game seed: 16876891338364087043

1 Shayle the Skirmisher (level 1, 0/22 HPs)
             Began as an Ogre Warper on June 7, 2021.
             Slain by a kobold
             ... wielding a +1 short sword of protection
              (1 damage)
             ... on level 1 of the Dungeon.
             The game lasted 00:00:38 (258 turns).

Shayle the Skirmisher (Ogre Warper)                  Turns: 258, Time: 00:00:38

Health: 0/22       AC:  3    Str: 14    XL:     1   Next: 20%
Magic:  3/3        EV:  9    Int: 14    God:
Gold:   7          SH:  0    Dex:  8    Spells: 4/4 levels left

rFire    . . .     SeeInvis .   a - +0 spear
rCold    . . .     Faith    .   (no shield)
rNeg     . . .     Spirit   .   b - +0 robe
rPois    .         Reflect  .   (helmet restricted)
rElec    .         Harm     .   (no cloak)
rCorr    .         Rampage  .   (gloves unavailable)
Will     .....                  (boots unavailable)
Stlth    +.........             (no amulet)
HPRegen  0.07/turn              (no ring)
MPRegen  0.08/turn              (no ring)

@: no status effects
A: large, unfitting armour, tough skin 1
a: no special abilities


You were on level 1 of the Dungeon.
You visited 1 branch of the dungeon, and saw 1 of its levels.

You collected 7 gold pieces.

Inventory:

Hand Weapons
 a - a +0 spear (weapon)
Missiles
 e - 4 boomerangs of dispersal (quivered)
Armour
 b - a +0 robe (worn)
Scrolls
 d - a scroll of blinking


   Skills:
 + Level 2.7 Fighting
 + Level 2.0 Polearms
 - Level 1.0 Throwing
 + Level 2.1 Dodging
 - Level 2.4 Spellcasting
 - Level 2.6 Translocations


You had 4 spell levels left.
You didn't know any spells.
Your spell library contained the following spells:

 Spells                   Type           Power      Damage    Failure   Level
 Blink                    Tloc           N/A        N/A       12%         2
 Gell's Gravitas          Tloc           4%         N/A       22%         3
 Lesser Beckoning         Tloc           4%         N/A       22%         3
 Teleport Other           Tloc           9%         N/A       22%         3
 Manifold Assault         Tloc           9%         N/A       91%         5


Dungeon Overview and Level Annotations

Branches:
Dungeon (1/15)

Altars:


Innate Abilities, Weirdness & Mutations

You are too large for most types of armour.
You have tough skin. (AC +1)


Message History

You kill the kobold!
Things that are here:
a +0 short sword; a kobold corpse You start resting.
HP restored.
You now have 7 gold pieces.
A kobold comes into view.
It is wielding a +1 short sword of protection.
The kobold shouts!
Reach: a) +0 spear
Press: ? - help, Dir - move target, f - kobold
Aim: a kobold, wielding a +1 short sword of protection (about 49% to evade your +0 spear)
You reach to attack!
You barely miss the kobold. You hit the kobold but do no damage.
The kobold barely misses you.
You barely miss the kobold.
The kobold hits you with a +1 short sword of protection.
You hit the kobold but do no damage. The kobold barely misses you.
You closely miss the kobold. The kobold hits you but does no damage.
You closely miss the kobold. The kobold closely misses you.
You closely miss the kobold. The kobold barely misses you.
You hit the kobold but do no damage. The kobold barely misses you.
You barely miss the kobold.
The kobold hits you with a +1 short sword of protection.
You completely miss the kobold.
The kobold hits you with a +1 short sword of protection.
You hit the kobold but do no damage.
The kobold hits you with a +1 short sword of protection.
You barely miss the kobold. The kobold hits you but does no damage.
You hit the kobold but do no damage.
The kobold hits you with a +1 short sword of protection.
You hit the kobold but do no damage.
The kobold hits you with a +1 short sword of protection.
You barely miss the kobold.
The kobold hits you with a +1 short sword of protection.
You barely miss the kobold.
The kobold hits you with a +1 short sword of protection.
* * * LOW HITPOINT WARNING * * *
You hit the kobold.
The kobold is moderately wounded.
The kobold hits you with a +1 short sword of protection.
You die...

### ##### #.# ...#
#.# ########.###.#
......K@.....#
########..#..#
####..#..####
#...........##
#.##.........# #.
#..#......# #.
#..#..###...
######.##..#........
...........)........


You could see a kobold.

Vanquished Creatures
  A kobold (D:1)
1 creature vanquished.

Notes
Turn   | Place    | Note
-------+----------+-------------------------------------------
     0 | D:1      | Shayle the Ogre Warper began the quest for the Orb.
     0 | D:1      | Reached XP level 1. HP: 22/22 MP: 3/3
   257 | D:1      | HP: 1/22 [kobold/+1 short sword of protection (6)]
   258 | D:1      | Slain by a kobold

Illustrated notes

Levels and vault maps discovered:
D:1:      minmay_arrival_wavy_path, layout_basic,
          hellmonk_ecumenical_altar_blasted

Action                   || total
-------------------------++-------
Melee: Spear             ||    24
Throw: Boomerang         ||     1
Armor: Robe              ||     2
Dodge: Dodged            ||     6

Table legend: (Time is in decaauts)
 A = Elapsed time spent in this place.
 B = Non-inter-level travel time spent in this place.
 C = Inter-level travel time spent in this place.
 D = Time resting spent in this place.
 E = Time spent auto-exploring this place.
 F = Levels seen in this place.
 G = Mean time per level.
                   A        B        C        D        E       F      G
               +--------+--------+--------+--------+--------+-----+--------+
         Total |    258 |    258 |      0 |    196 |     25 |   1 |  258.0 |
       Dungeon |    258 |    258 |      0 |    196 |     25 |   1 |  258.0 |
               +--------+--------+--------+--------+--------+-----+--------+

Top non-repeatable levels by time:
     D:1: 258 daAuts
